AoeStats
← Bill Flounder

Arena

510388284Analyzed
1v1 RM · 1d ago on Sep 30, 2026· 37m 46s· 2 players
Game mode
Random Map
Map size
Tiny (2 player)
Population
200
Speed
Normal
Resources
Standard
Victory
Conquest
Starting age
Dark Age
Ending age
Imperial Age
RankedLock teamsTeams togetherTeam positionsShared explorationLock speedFull tech treeHidden civsTurbo modeCheats
Victory
Defeat
🇬🇧 Aztecs · United Kingdom
1381
+12
🇳🇿 Malay · New Zealand
1303
-12
jemelles
10:28 Feudal Age
14:56 Castle Age
14:55 Double-Bit Axe
16:44 Squires
19:54 Gold Mining
20:59 Sanctity
23:20 Redemption
24:11 Wheelbarrow
23:37 Scale Mail Armor
24:11 Bow Saw
24:48 Atonement
25:00 Fervor
29:19 Imperial Age
27:06 Stone Mining
26:42 Man-at-Arms
27:34 Gambesons
28:38 Stone Shaft Mining
28:03 Horse Collar
29:32 Fletching
30:32 Illumination
30:23 Block Printing
31:32 Bodkin Arrow
33:32 Theocracy
35:28 Siege Engineers
Bill Flounder
9:15 Feudal Age
8:53 Double-Bit Axe
9:08 Horse Collar
10:43 Horse Collar
16:56 Castle Age
15:48 Man-at-Arms
16:51 Bow Saw
19:05 Squires
20:12 Loom
22:29 Wheelbarrow
21:57 Heavy Plow
23:49 Wheelbarrow
25:06 Forging
26:36 Long Swordsman
27:54 Iron Casting
28:11 Loom
28:12 Town Watch
28:46 Hand Cart
33:14 Imperial Age
30:45 Fletching
30:57 Gold Mining
31:04 Stone Mining
31:53 Bodkin Arrow
33:42 Chemistry
33:26 Town Patrol
34:32 Blast Furnace
34:31 Bracer
34:32 Padded Archer Armor
35:39 Conscription
Connection lost

Rejoining the realm…

Still unreachable

The connection could not be restored.

Session expired

The server has moved on; the page needs a fresh start.